 Dungeon Crawl Stone Soup version 0.31-a0-1576-ga3383bade6 (webtiles) character file.

Game seed: 15469733182344091344

9 Xavori the Trooper (level 2, 25/25 HPs)
             Began as a Djinni Chaos Knight on Jan 4, 2024.
             Was a Plaything of Xom.
             Quit the game on level 1 of the Dungeon.
             The game lasted 00:00:41 (8699 turns).

Xavori the Trooper (Djinni Chaos Knight)            Turns: 8699, Time: 00:00:41

Health: 25/25      AC:  5    Str: 11    XL:     2   Next: 20%
Gold:   42         EV: 11    Int: 13    God:    Xom [.*....] SH:  0 Dex: 12

rFire   + + .        a - +0 falchion (chaos)
rCold   x . .        (no shield)
rNeg    . . .        b - +2 leather armour
rPois   ∞            (no helmet)
rElec   .            (no cloak)
rCorr   .            (no gloves)
SInv    .            (boots unavailable)
Will    .....        (no amulet)
Stlth   +            (no ring)
HPRegen 0.24/turn    (no ring)
MPRegen 0.00/turn

%: no passive effects
@: flying
A: sickness immunity, fire resistance 2, cold vulnerability 1, float, innate
caster, HP casting, extra vitality 1
a: Renounce Religion


You were on level 1 of the Dungeon.
You worshipped Xom.
You were a plaything of Xom.
You visited 1 branch of the dungeon, and saw 2 of its levels.

You collected 42 gold pieces.

Inventory:

Hand Weapons
 a - a +0 falchion of chaos (weapon)
Armour
 b - a +2 leather armour (worn)
Scrolls
 c - a scroll of butterflies
 h - a scroll of teleportation {unknown}
 i - a scroll of enchant armour {unknown}
 j - a scroll of identify {unknown}
Potions
 d - 2 potions of brilliance {unknown}
 e - 3 potions of enlightenment {unknown}
 f - a potion of mutation {unknown}
 g - a potion of curing {unknown}


   Skills:
 + Level 3.0 Fighting
 + Level 2.7 Long Blades
 + Level 1.1 Armour
 + Level 2.3 Dodging
 * Level 0.4 Spellcasting
 * Level 0.4 Conjurations
 * Level 0.4 Hexes
   Level 0.0 Charms
 * Level 0.4 Summonings
 * Level 0.4 Necromancy
 * Level 0.4 Translocations
   Level 0.0 Transmutations
 * Level 0.4 Fire Magic
 * Level 0.4 Ice Magic
 * Level 0.4 Air Magic
 * Level 0.4 Earth Magic
 * Level 0.4 Alchemy You didn't know any spells. Your spell library was empty.

Dungeon Overview and Level Annotations

Branches:
Dungeon (2/15)

Altars:


Innate Abilities, Weirdness & Mutations

You are immune to sickness and miasma.
You are immune to poison.
Your flesh is very heat resistant. (rF++)
You are vulnerable to cold. (rC-)
You float through the air rather than walking.
You learn spells naturally, not from books.
Your magical power is your life essence.
You have superior vitality. (+4 MHP)


Message History

Done waiting.
You start waiting.
Done waiting.
You start waiting.
Done waiting.
You start waiting.
Done waiting.
You start waiting.
You start waiting.
Done waiting.
You start waiting.
Xom's attention almost turns to you for a moment.
Your scroll labelled UMUERA XONTI briefly vibrates.
You start waiting.
You are now a plaything of Xom.
You start waiting.
Done waiting.
You start waiting. "Go forth and redecorate, my child!"
You start waiting.
Done waiting.
You start waiting.
Your trail of clouds dissipates.
You start waiting.
You start waiting.
You hear Xom's maniacal laughter.
There are monsters nearby!
There are monsters nearby!
There are monsters nearby!
There are monsters nearby!
There are monsters nearby!
There are monsters nearby!
There are monsters nearby!
There are monsters nearby!
There are monsters nearby!
There are monsters nearby!
There are monsters nearby!
There are monsters nearby!
There are monsters nearby!
Are you sure you want to abandon this character and quit the game? (Confirm with "yes".)

##########
#...##...#
###...##...#
####.....##...####
..............+h@#
.........##...##r#
..#.#######...##g#
..#.#### #...##h#
.......######....#
..####......#.##.#
.## #......#.##.#
..# #......#.##.#
..# #.)....#.##.#


You could see 2 jackals, a hobgoblin (summoned) and a rat (summoned).

Vanquished Creatures
  A ribbon worm (D:2)
  A goblin (D:2)
  A hobgoblin (D:1)
  A quokka (D:1)
  2 kobolds (D:1)
  A rat (D:1)
7 creatures vanquished.

Notes
Turn   | Place    | Note
-------+----------+-------------------------------------------
     0 | D:1      | Xavori the Djinni Chaos Knight began the quest for the Orb.
     0 | D:1      | Reached XP level 1. HP: 20/20 MP: 0/0
   138 | D:1      | XOM: divination: detect creatures
  1436 | D:1      | XOM: silly message
  1443 | D:1      | XOM: divination: detect creatures
  1582 | D:1      | XOM: silly message
  1932 | D:1      | XOM is BORED!
  1932 | D:1      | XOM: silly message
  2341 | D:1      | XOM: silly message
  2717 | D:1      | XOM: summons 3 hostile shadow creatures
  2751 | D:2      | XOM: chaos upgrade
  2761 | D:2      | Reached XP level 2. HP: 15/25 MP: 0/0
  2867 | D:1      | XOM is BORED!
  2954 | D:1      | XOM: scenery: 1 doors open
  4365 | D:1      | XOM: noise
  4619 | D:1      | XOM: noise
  4801 | D:1      | XOM: divination: detect creatures
  5062 | D:1      | XOM: summons 2 hostile demons
  5063 | D:1      | Noticed a crimson imp
  5739 | D:1      | XOM: silly message
  5835 | D:1      | XOM: silly message
  5859 | D:1      | XOM: silly message
  6453 | D:1      | XOM: silly message
  6456 | D:1      | XOM: silly message
  6497 | D:1      | XOM: scenery: 1 doors close
  7515 | D:1      | XOM: noise
  8209 | D:1      | XOM: silly message
  8430 | D:1      | XOM: cloud trail
  8698 | D:1      | XOM: summons 3 hostile shadow creatures
  8699 | D:1      | Quit the game

Illustrated notes

Levels and vault maps discovered:
D:1:      scummos_arrival_checkerplants, layout_basic
D:2:      cheibrodos_helix_gallery, layout_rooms, nicolae_ecumenical_oubliette,
          reono_crystal_passage, nicolae_concentric_dashed_squares_wild,
          nrook_campfire

Action                     || total
---------------------------++-------
  Melee: Falchion          ||    28
 Armour: Leather armour    ||    24
  Dodge: Dodged            ||    28

Table legend: (Time is in decaauts)
 A = Elapsed time spent in this place.
 B = Non-inter-level travel time spent in this place.
 C = Inter-level travel time spent in this place.
 D = Time resting spent in this place.
 E = Time spent auto-exploring this place.
 F = Levels seen in this place.
 G = Mean time per level.
                   A        B        C        D        E       F      G
               +--------+--------+--------+--------+--------+-----+--------+
         Total |   8705 |   8688 |     17 |   8192 |    396 |   2 | 4352.5 |
       Dungeon |   8705 |   8688 |     17 |   8192 |    396 |   2 | 4352.5 |
               +--------+--------+--------+--------+--------+-----+--------+

Top non-repeatable levels by time:
     D:1: 8441 daAuts
     D:2: 264 daAuts
